 Dungeon Crawl Stone Soup version 0.22-a0-110-g5b255cf (webtiles) character file.

10810 Csabeeboy the Fighter (level 11, -16/171 HPs)
             Began as a White Draconian Wanderer on Jan 27, 2018.
             Demolished by an orc warlord
             ... wielding a +1 vampiric war axe
              (21 damage)
             ... on level 1 of the Orcish Mines.
             The game lasted 00:48:08 (14561 turns).

Csabeeboy the Fighter (White Draconian Wanderer)   Turns: 14561, Time: 00:48:09

Health: -16/171    AC: 29    Str: 18    XL:     11   Next: 41%
Magic:  10/18      EV:  2    Int: 14    God:
Gold:   897        SH:  5    Dex: 11    Spells: 17/20 levels left

rFire    + . .     SeeInvis .   C - +4 hand axe of Fate {venom, *Slow rF+ rN+ Str+2}
rCold    . . .     Gourm    .   n - +0 buckler
rNeg     + + +     Faith    .   (armour unavailable)
rPois    +         Spirit   .   (helmet currently unavailable)
rElec    .         Reflect  .   (cloak currently unavailable)
rCorr    .         Harm     .   (gloves currently unavailable)
MR       .....     NoTele   +   (boots currently unavailable)
Stlth    ++........             (no amulet)
HPRegen  0.38/turn              m - +4 ring of protection
MPRegen  0.16/turn              (no ring)

@: tree-form, hasted and slowed
A: (breathe frost), unfitting armour, robust 1, AC +7
a: no special abilities


You were on level 1 of the Orcish Mines.
You were hungry.
You were a tree.
You visited 2 branches of the dungeon, and saw 12 of its levels.

You collected 897 gold pieces.

Inventory:

Hand Weapons
 a - a +2 short sword
 r - a +0 war axe
 v - a +3 war axe
 C - the +4 hand axe of Fate (weapon) {venom, *Slow rF+ rN+ Str+2}
   (You found it on level 5 of the Dungeon)

   It poisons the flesh of those it strikes.
   It affects your strength (+2).
   It protects you from fire.
   It protects you from negative energy.
   It may slow you when you take damage.
 K - a +1 flail of holy wrath
Missiles
 P - 4 silver tomahawks (quivered)
Armour
 e - a +0 cloak (melded)
 n - a +0 buckler (worn)
 M - a +2 pair of boots (melded)
Magical Staves
 y - an uncursed staff of power {unknown}
 J - an uncursed staff of cold
Jewellery
 m - a +4 ring of protection (left branch)
 x - an uncursed ring of positive energy
Wands
 k - a wand of clouds (4)
 o - a wand of polymorph (8)
 t - a wand of flame (25)
 w - a wand of random effects (53)
 z - a wand of iceblast (6)
 A - a wand of acid (2)
 B - a wand of digging (11)
 Q - a wand of paralysis (6)
Scrolls
 c - 3 scrolls of remove curse
 g - a scroll of identify
 j - 2 scrolls of amnesia
 p - 4 scrolls of magic mapping
 q - 4 scrolls of teleportation
 s - 2 scrolls of fear
 D - 2 scrolls of fog
 E - a scroll of vulnerability {unknown}
 F - a scroll of torment {unknown}
 G - 3 scrolls of enchant weapon {unknown}
 H - a scroll of blinking
 N - a scroll of immolation
Potions
 h - 5 potions of flight
 i - a potion of lignification
 l - 5 potions of haste
 u - 2 potions of resistance
 O - a potion of brilliance
Books
 d - a book of Misfortune

   Spells                             Type                      Level
   a - Confusing Touch                Hexes                        1
   b - Confuse                        Hexes                        3
   c - Gell's Gravitas                Translocation                3
   d - Petrify                        Transmutation/Earth          4
   e - Metabolic Englaciation         Hexes/Ice                    5
   f - Yara's Violent Unravelling     Hexes/Transmutation          5
 I - a book of Conjurations

   Spells                             Type                      Level
   a - Magic Dart                     Conjuration                  1
   b - Searing Ray                    Conjuration                  2
   c - Dazzling Spray                 Conjuration/Hexes            3
   d - Fulminant Prism                Conjuration/Hexes            4
   e - Force Lance                    Conjuration/Translocation    4
   f - Iskenderun's Mystic Blast      Conjuration                  4
 L - a book of Changes

   Spells                             Type                      Level
   a - Beastly Appendage              Transmutation                1
   b - Sticks to Snakes               Transmutation                2
   c - Spider Form                    Transmutation/Poison         3
   d - Ice Form                       Ice/Transmutation            4
   e - Blade Hands                    Transmutation                5
 R - a book of Geomancy

   Spells                             Type                      Level
   a - Sandblast                      Earth                        1
   b - Passwall                       Transmutation/Earth          2
   c - Stone Arrow                    Conjuration/Earth            3
   d - Petrify                        Transmutation/Earth          4
   e - Lee's Rapid Deconstruction     Earth                        5
Comestibles
 f - 18 rations


   Skills:
 * Level 12.2 Fighting
 - Level 2.0(3.2) Short Blades
   Level 3.9(4.1) Long Blades
 - Level 1.0 Throwing
 * Level 9.6 Dodging
 - Level 1.7 Stealth
 - Level 5.0 Shields
 + Level 5.0 Spellcasting
 + Level 5.0 Hexes
 - Level 1.0 Evocations


You had 17 spell levels left.
You knew the following spells:

 Your Spells              Type           Power        Failure   Level  Hunger
a - Confuse               Hex            ###.....     7%          3    ###....


Dungeon Overview and Level Annotations

Branches:
Dungeon (11/15)            Temple (0/1) D:5             Orc (2/2) D:11
   Lair: D:8-11         Elf: Orc:2

Altars:
Okawaru
Beogh

Shops:
D:5 (

Annotations:
D:11 Sonja


Innate Abilities, Weirdness & Mutations

((You can breathe waves of freezing cold.))
((You can buffet flying creatures when you breathe cold.))
((Your icy white scales are hard. (AC +7)))
You cannot fit into any form of body armour.
((Your flesh is cold resistant. (rC+)))
((You are cold-blooded and may be slowed by cold attacks.))
((You have a pair of small antennae on your head.))
((Your large and strong wings let you fly indefinitely.))
((Your flesh is heat resistant. (rF+)))
You are robust. (+10% HP)


Message History

You have got your breath back.
The orc warlord hits you but does no damage.
You hit the orc warlord.
The orc warlord looks as sick as possible!
The orc warlord is heavily wounded.
The orc warlord hits you but does no damage.
The orc warlord hits you with an uncursed vampiric war axe!
* * * LOW HITPOINT WARNING * * *
You barely miss the orc warlord.
The orc warlord is heavily wounded.
The orc warlord hits you with an uncursed vampiric war axe!!
* * * LOW HITPOINT WARNING * * *
The orc warlord hits you with an uncursed vampiric war axe!!
* * * LOW HITPOINT WARNING * * *
You feel better.
The orc warlord hits you with an uncursed vampiric war axe!
* * * LOW HITPOINT WARNING * * *
You feel yourself speed up.
The orc warlord hits you with an uncursed vampiric war axe!!
You die...

#.. ####
###....... .....
...## ##........
.....
....###......###
...#.## .....
##....##..
#......#...#
#....#...
...........
#....##..
#........#
###......
#.....o.##
#......
###...♣.(#
##.....
####.##.((#
##...## ##.##.
#.#### #....#.
#...# ###.##
##.##..
#####..## #...##
######
##...#...#
##....## #
###.......##
#......## #
#........##
###......##
###........#
#..[.[[)..####


You could see an orc warlord.

Vanquished Creatures
  Fannar (D:10)
  A two-headed ogre (D:10)
  A death yak (D:9)
  An orc knight (Orc:1)
  An orc sorcerer (Orc:1)
  Psyche (D:11)
  6 trolls
  A hornet (D:10)
  The ghost of Tovarisch the Grave Robber, an amateur DENe (D:5)
  A shadow (D:11)
  3 yaks (D:11)
  A wraith (D:11)
  A hungry ghost (D:11)
  2 wargs (Orc:1)
  2 water moccasins
  A black bear (D:10)
  A sky beast (D:10)
  12 orc warriors
  A phantom (D:10)
  An ice beast (D:7)
  7 ogres
  A necrophage (D:10)
  3 centaurs
  5 bullfrogs
  4 scorpions
  A killer bee (D:4)
  5 wights (D:3)
  7 howler monkeys
  A centaur zombie (D:10)
  A bullfrog zombie (D:6)
  3 crimson imps
  6 orc wizards
  A hound (D:7)
  3 jellies
  10 orc priests
  3 centaur skeletons
  2 iguanas
  Ijyb (D:3)
  7 worker ants
  A hound skeleton (D:7)
  A worker ant zombie (D:5)
  4 gnolls (D:4)
  9 adders
  A shadow imp (D:7)
  A white imp (D:9)
  An ooze (D:3)
  2 adder skeletons
  6 worms
  4 dart slugs
  3 leopard geckos
  54 orcs
  2 giant cockroaches
  15 goblins
  11 hobgoblins
  4 jackals (D:3)
  2 quokkas
  8 bats
  2 frilled lizards (D:2)
  16 kobolds
  7 rats
  A bush (D:3)
  2 plants (D:3)
268 creatures vanquished.

Notes
Turn   | Place    | Note
-------+----------+-------------------------------------------
     0 | D:1      | Csabeeboy the Draconian Wanderer began the quest for the Orb.
     0 | D:1      | Csabeeboy set off with: a +2 short sword, a potion of curing, a potion of lignification, a +0 dagger, a ration
     0 | D:1      | Reached XP level 1. HP: 22/22 MP: 1/1
   187 | D:1      | Reached XP level 2. HP: 24/28 MP: 2/2
   747 | D:2      | Reached skill level 5 in Fighting
   936 | D:2      | Reached skill level 1 in Dodging
   936 | D:2      | Reached skill level 1 in Shields
   936 | D:2      | Reached XP level 3. HP: 23/36 MP: 3/3
  1626 | D:3      | Found an iron altar of Okawaru.
  1690 | D:3      | Reached XP level 4. HP: 25/42 MP: 4/4
  2060 | D:3      | Reached XP level 5. HP: 48/48 MP: 5/5
  2151 | D:3      | Reached skill level 1 in Long Blades
  2299 | D:3      | Noticed Ijyb
  2312 | D:3      | Killed Ijyb
  2560 | D:3      | Reached XP level 6. HP: 57/57 MP: 6/6
  2840 | D:4      | Noticed Duvessa
  2840 | D:4      | Noticed Dowan
  3050 | D:4      | Reached skill level 6 in Fighting
  3110 | D:4      | Your scales start taking on an icy white colour.
  3110 | D:4      | Reached XP level 7. HP: 34/63 MP: 7/7
  3110 | D:4      | Gained mutation: Your flesh is cold resistant. (rC+) [White Draconian growth]
  4258 | D:4      | Noticed Duvessa
  4258 | D:4      | Duvessa changed into Duvessa the killer bee
  4273 | D:4      | Killed Duvessa the killer bee
  4274 | D:4      | Noticed Dowan
  4274 | D:4      | Dowan changed into Dowan the howler monkey
  4284 | D:4      | Killed Dowan the howler monkey
  4715 | D:5      | Entered Level 5 of the Dungeon
  4715 | D:5      | Found Ofeb's Antique Weapon Boutique.
  4737 | D:5      | Reached skill level 5 in Shields
  4752 | D:5      | Got a scorched hand axe
  4757 | D:5      | Identified the +4 hand axe of Fate {venom, *Slow rF+ rN+ Str+2} (You found it on level 5 of the Dungeon)
  5139 | D:5      | Noticed Tovarisch's ghost (amateur DENe)
  5153 | D:5      | Killed Tovarisch's ghost
  5153 | D:5      | Reached skill level 7 in Fighting
  5153 | D:5      | Reached XP level 8. HP: 66/73 MP: 8/8
  5216 | D:5      | Found a staircase to the Ecumenical Temple.
  5976 | D:6      | Reached skill level 5 in Dodging
  5979 | D:6      | Reached skill level 8 in Fighting
  7018 | D:7      | Learned a level 3 spell: Confuse
  7220 | D:7      | Reached XP level 9. HP: 82/82 MP: 9/9
  7252 | D:7      | Reached skill level 9 in Fighting
  7604 | D:7      | You fall through a shaft for 3 floors!
  7604 | D:10     | Entered Level 10 of the Dungeon
  7607 | D:10     | Noticed a troll
  7629 | D:10     | Killed a troll
  7629 | D:10     | Reached skill level 1 in Spellcasting
  7629 | D:10     | Reached skill level 1 in Hexes
  7963 | D:9      | Noticed a death yak
  7964 | D:9      | Noticed a polar bear
  7986 | D:9      | Killed a death yak
  8342 | D:10     | Reached skill level 10 in Fighting
  8890 | D:10     | Noticed Fannar
  8905 | D:10     | Gained mutation: Your flesh is heat resistant. (rF+) [potion of mutation]
  8905 | D:10     | Gained mutation: You have a pair of small antennae on your head. [potion of mutation]
  8905 | D:10     | Gained mutation: You are robust. (+10% HP) [potion of mutation]
  8905 | D:10     | Gained mutation: Your large and strong wings let you fly indefinitely. [potion of mutation]
  8938 | D:10     | Killed Fannar
  8938 | D:10     | Reached XP level 10. HP: 73/103 MP: 14/14
  9345 | D:10     | Noticed a two-headed ogre
  9354 | D:10     | Killed a two-headed ogre
  9996 | D:11     | Reached skill level 11 in Fighting
 10011 | D:11     | Found a roughly hewn altar of Beogh.
 10011 | D:11     | Found a staircase to the Orcish Mines.
 10693 | D:11     | Noticed Sonja
 10889 | D:11     | Noticed Psyche
 11056 | D:11     | Paralysed by Psyche for 6 turns
 11079 | D:11     | Paralysed by Psyche for 3 turns
 11082 | D:11     | Paralysed by Psyche for 3 turns
 11088 | D:11     | Killed Psyche
 11432 | Orc:1    | Entered Level 1 of the Orcish Mines
 11488 | Orc:1    | Reached XP level 11. HP: 56/113 MP: 17/17
 12460 | Orc:1    | Noticed an orc knight
 12500 | Orc:1    | Killed an orc knight
 12784 | Orc:1    | Noticed an orc sorcerer
 12914 | Orc:1    | Found a roughly hewn altar of Beogh.
 12927 | Orc:1    | Killed an orc sorcerer
 12927 | Orc:1    | Reached skill level 12 in Fighting
 13061 | Orc:2    | Entered Level 2 of the Orcish Mines
 13568 | Orc:1    | Noticed an orc warlord
 13637 | Orc:2    | Reached skill level 5 in Spellcasting
 14115 | Orc:2    | Reached skill level 5 in Hexes
 14559 | Orc:1    | HP: 6/171 [orc warlord/uncursed vampiric war axe (20)]
 14561 | Orc:1    | Demolished by an orc warlord

Vault maps used:
D:1:      dpeg_arrival_more_subterranean_lakeside_camping,
          minmay_misc_feat_more_columns
D:2:      wad_river_or_something
D:3:      corexii_shack_village, serial_forest, infiniplex_forest_straight_3,
          infiniplex_forest_lined_1, infiniplex_forest_clump_small,
          infiniplex_forest_straight_1, infiniplex_forest_lined_ring,
          infiniplex_forest_corner_2, infiniplex_forest_fountain,
          infiniplex_forest_clump_tiny, infiniplex_forest_zigzag_1,
          infiniplex_forest_end_3, first_ration, grunt_decor_arrowhead,
          okawaru_metal_pillars_3, uniq_ijyb
D:4:      minivault_26, uniq_duvessa
D:5:      minmay_temple_entry_statues_pillars, serial_shops, shop
D:7:      corexii_shantytown
D:9:      minitemple, kennysheep_vampire_church, serial_shops, shop, serial_ice,
          serial_ice_h, serial_ice_e, serial_ice_c, serial_ice_m, serial_ice_o,
          serial_ice_g, serial_ice_l, serial_ice_d
D:10:     uniq_fannar
D:11:     david_orc_5, uniq_sonja, uniq_psyche
Orc:1:    basic_altar
Orc:2:    pf_orc_diabolical, basic_altar, serial_shops, nicolae_shop_stone,
          shop, david_defended_altar_orc

Skill      XL: |  1  2  3  4  5  6  7  8  9 10 11 |
---------------+----------------------------------+-----
Fighting       | 5 6 7 8 10 11 12 | 12.2
Dodging        | 1 2 4 6 7 9 |  9.6
Shields        | 1 2 3 4 5 |  5.0
Long Blades    | 1 2 3 |  3.9
Spellcasting   | 3 4 5 |  5.0
Hexes          | 3 4 5 |  5.0
Short Blades   | |  2.0
Throwing       | |  1.0
Stealth        | |  1.7
Evocations     | |  1.0

Action                   |  1- 3 |  4- 6 |  7- 9 | 10-12 || total
-------------------------+-------+-------+-------+-------++-------
Melee: Short sword       |    94 |       |       |       ||    94
       Tailslap          |    10 |    43 |    38 |    61 ||   152
       War axe           |    51 |    25 |    23 |       ||    99
       Long sword        |       |   237 |    92 |       ||   329
       Hand axe          |       |       |   247 |   334 ||   581
Throw: Throwing net      |       |       |     1 |       ||     1
 Cast: Confuse           |       |       |       |    47 ||    47
 Abil: Breathe Frost     |       |       |    13 |    25 ||    38
       Fly               |       |       |       |     1 ||     1
       Stop Flying       |       |       |       |     1 ||     1
Evoke: Wand              |       |       |     7 |     2 ||     9
  Use: Scroll            |     2 |       |    11 |     3 ||    16
       Potion            |       |     2 |     5 |     3 ||    10
 Stab: Sleeping          |     1 |     6 |     2 |       ||     9
       Confused          |       |       |       |     5 ||     5
  Eat: Chunk             |     2 |     6 |    14 |    23 ||    45
       Ration            |       |       |     2 |     2 ||     4
Armor: Skin              |    67 |    80 |   168 |   127 ||   442
Dodge: Dodged            |    96 |   113 |   286 |   271 ||   766
Block: Buckler           |    19 |    33 |   101 |    98 ||   251
       Rpst.: Long sword |       |    29 |    18 |       ||    47

Table legend:
 A = Spawn XP
 B = Non-spawn XP
 C = Spawn XP percentage of total XP
 D = Spawn monster count
 E = Non-spawn monster count
 F = Spawn count percentage of total count
 G = Total turns spent on level
                    A         B        C        D         E        F      G
               +---------+---------+-------+---------+---------+-------+---------
         Total |       0 |   15444 |   0.0 |       0 |     265 |   0.0 | 14561
               +---------+---------+-------+---------+---------+-------+---------
           D:1 |       0 |      20 |   0.0 |       0 |      12 |   0.0 |   688
           D:2 |       0 |      64 |   0.0 |       0 |      21 |   0.0 |  1132
           D:3 |       0 |     505 |   0.0 |       0 |      44 |   0.0 |  1250
           D:4 |       0 |     587 |   0.0 |       0 |      21 |   0.0 |  1645
           D:5 |       0 |     597 |   0.0 |       0 |      11 |   0.0 |   948
           D:6 |       0 |     625 |   0.0 |       0 |      11 |   0.0 |  1111
           D:7 |       0 |     719 |   0.0 |       0 |      42 |   0.0 |   830
           D:9 |       0 |     874 |   0.0 |       0 |       2 |   0.0 |    39
          D:10 |       0 |    3855 |   0.0 |       0 |      24 |   0.0 |  2125
          D:11 |       0 |    2787 |   0.0 |       0 |      36 |   0.0 |  1664
         Orc:1 |       0 |    3640 |   0.0 |       0 |      23 |   0.0 |  2009
         Orc:2 |       0 |    1171 |   0.0 |       0 |      18 |   0.0 |  1120
               +---------+---------+-------+---------+---------+-------+---------
